Quickblade, chaotic female elven Rogue --- ----------- --.------ |.........| ---- ---....--.--- ---...-----.-- |..| --...........-- |.[.--- |...---. |..| |......^......-- ---.--- ---....^.------------ |.-- |...........>..----|.@<| |...........()......| |.| ---.--............--Y--- |.......(----------.--- |.| ---|...-.........i.| |...--.|.| |..|.....| |.| ---- |......|..^..)------ -----|.|-- |.....--.--- |.| --..----....----....---..| --|.| |..........| |.| |.......................-- --.|.---- |.....[..|.---|.| -........^.[..)........-- |.......-- ---.|....|...||.| .....-----....------.|..- |........| ---....|--.--.| ----- --....-- -----.. ---......| ----....-- |....| |.....------ -. |......---*|.....| |....| |.......--.--- |.............---- --...| --.|.........--- ---........%..| |..-- -----.........| |...........-- ---- |.........| --...........| ---.--.|.-- ---.|.------- -------- ----- Quickblade the Rogue Experience level: 9 Strength: 14 Dexterity: 18 Constitution: 16 Intelligence: 14 Wisdom: 9 Charisma: 8 Health: 0(79) Energy: 41(41) Def: 5 Gold: 0 Moves: 11710 Dungeon seed: sTIoRX_4rmtcLRJo Game ID: Quickblade_1437834623 Your Inventory: Weapons t - 7 +1 elven daggers (wielded in other hand) H - the +0 Werebane (weapon in hand) V - a +0 elven dagger Armor e - an uncursed +1 leather armor (being worn) n - an uncursed rusty +0 dwarvish iron helm (being worn) y - a blessed +0 oilskin cloak (being worn) z - an uncursed +0 dwarvish mithril-coat Scrolls w - a blessed scroll of identify S - a cursed scroll of confuse monster Potions W - an uncursed potion of paralysis X - a cursed potion of booze Wands J - a wand of digging (0:5) O - a wand of fire (0:3) Q - a wand of secret door detection (0:11) Tools d - an uncursed lock pick named #0 f - an uncursed sack g - an uncursed blindfold l - an uncursed mirror o - an uncursed skeleton key s - an uncursed bag of holding B - an uncursed oilskin sack R - a blessed tallow candle (0:200) T - a cursed magic lamp (lit) U - 4 uncursed wax candles (0:400) Gems q - 2 uncursed luckstones r - a cursed touchstone Contents of the bag of holding: 789 gold pieces an uncursed amulet of ESP an uncursed amulet versus poison 3 +0 knives an uncursed +0 alchemy smock an uncursed scroll of enchant armor an uncursed scroll of light a blessed scroll of punishment a cursed scroll of remove curse an uncursed scroll of stinking cloud an uncursed potion of paralysis 2 uncursed potions of restore ability an uncursed potion of sickness 3 uncursed potions of speed an uncursed potion of water an uncursed ring of polymorph control an uncursed ring of protection from shape changers an uncursed ring of regeneration Spells and supernatural/magical abilities: Name Level Category Fail Memory W - pray for help -- divine ? -- Your skills at the end: Fighting Skills Weapon Skills dagger [Expert] short sword [Basic] saber [Skilled] Spellcasting Skills Final Attributes: You were piously aligned. You were sleep resistant. You were poison resistant. You were telepathic. You had infravision. You were stealthy. You were wielding two weapons at once. You were lucky. You had extra luck. Bad luck did not time out for you. Good luck did not time out for you. You are dead. Vanquished creatures: a large mimic a small mimic an ettin mummy a tengu a python 2 giant beetles 2 leprechauns a mountain nymph a giant spider a scorpion a horse a black light a gnome king 2 chickatrices a dingo a housecat a dwarf lord a dust vortex a plains centaur a gnome mummy a human zombie 5 Mordor orcs 9 Uruk-hai 3 ponies a fog cloud 2 yellow lights a shrieker 11 gnome lords 5 gnomish wizards 2 kobold mummies a golden naga hatchling a gray ooze 3 elf zombies a ghoul a straw golem 2 giant ants a little dog 3 floating eyes 3 kittens 19 dwarves a homunculus 2 kobold lords a kobold shaman 3 hill orcs a rothe a centipede 3 giant bats a monkey 2 orc zombies 3 dwarf zombies a wererat a werejackal 5 iguanas 2 killer bees 3 acid blobs 2 gas spores a hobbit 4 large kobolds a hobgoblin 5 giant rats 5 cave spiders 2 brown molds 3 yellow molds 44 gnomes 2 garter snakes a gnome zombie 7 geckos 12 jackals a fox a kobold 2 goblins 6 sewer rats 12 grid bugs a bat 7 lichens 2 kobold zombies 10 newts 259 creatures vanquished. Voluntary challenges: You used a wielded weapon 454 times, starting on turn 20. You read items or engraved 9 times, starting on turn 6250. You never genocided any monsters. You never polymorphed an object. You never changed form. You used no wishes. You never split a pudding. You never wrote Elbereth's name. You never violated your personal moral code. You abstained from Elbereth's help. Dungeon overview: The Dungeons of Doom: levels 1 to 4 Level 1 a fountain a long staircase Level 2 Level 3 an altar to Kos, some fountains Level 4 an altar to Issek, a fountain, a sink stairs to The Gnomish Mines The Gnomish Mines: levels 5 to 12 Level 5 stairs to The Dungeons of Doom Level 6 Level 7 Level 8 many shops, a temple to Kos, some fountains Level 9 Level 10 Level 11 <- You were here Level 12 History has recorded: On T:1 you entered the Dungeons of Doom to retrieve the Amulet of Yendor! On T:528 you reached level 2 of The Dungeons of Doom. On T:587 you advanced to experience level 2. On T:896 you reached level 3 of The Dungeons of Doom. On T:1013 you advanced to experience level 3. On T:2154 you advanced to experience level 4. On T:3838 you advanced to experience level 5. On T:5581 you received Orcrist from Kos. On T:6037 you reached level 4 of The Dungeons of Doom. On T:6197 you advanced to experience level 6. On T:6438 you received Werebane from Kos. On T:6689 you reached level 1 of The Gnomish Mines. On T:7527 you advanced to experience level 7. On T:7679 you reached level 2 of The Gnomish Mines. On T:8658 you reached level 3 of The Gnomish Mines. On T:8751 you advanced to experience level 8. On T:9365 you reached level 4 of The Gnomish Mines. On T:9779 you reached level 5 of The Gnomish Mines. On T:10419 you reached level 6 of The Gnomish Mines. On T:10522 you reached level 7 of The Gnomish Mines. On T:10672 you reached level 8 of The Gnomish Mines. On T:11169 you advanced to experience level 9. Score breakdown: Gold: 789 ( 78 points) Experience: 9 levels ( 800 points) Exploration: 12 levels ( 330 points) Discoveries: 20 items ( 1000 points) Variety of kills: 77 monsters ( 2000 points) Major goal: (nothing yet) ( 0 points) Survival: died (score multiplied by 3) Total score: 12624 Latest messages: You put an uncursed scroll labeled XIXAXA XOXAXA XUXAXA into the bag. You put an uncursed potion of sickness into the bag. You put an uncursed potion of paralysis into the bag. You put a clear potion into the bag. You put 2 uncursed potions called restab into the bag. You put 3 uncursed potions of speed into the bag. You put an uncursed pearl ring into the bag. You put an uncursed coral ring into the bag. You put an uncursed iron ring into the bag. The Uruk-hai thrusts her crude short sword. The Uruk-hai hits! The hill orc swings her curved sword. The hill orc hits! The gecko misses. The giant ant bites! (2x) You can move again. The yeti hits! (2x) The yeti bites! The yeti hits! You die... The sack is empty. The oilskin sack is empty. Final status: Goodbye Quickblade the Rogue, killed by a yeti... You died in The Gnomish Mines on dungeon level 11 with 12624 points, and 789 pieces of gold, after 11710 moves. You were level 9 with a maximum of 79 hit points when you died.